 Seeded DCSS version 0.29-a0-359-g541a27f54d (webtiles) character file.

Game seed: 11284124041852380858 (custom seed)

21 zeratav the Shooter (level 2, 17/17 HPs)
             Began as a Tengu Hunter on Apr 27, 2022.
             Quit the game on level 1 of the Dungeon.
             The game lasted 00:00:38 (948 turns).

zeratav the Shooter (Tengu Hunter)                   Turns: 948, Time: 00:00:39

Health: 17/17      AC:  3    Str: 11    XL:     2   Next: 87%
Magic:  3/3        EV: 12    Int:  9    God:
Gold:   50         SH:  0    Dex: 17    Spells: 1/1 levels left

rFire   . . .      SeeInvis .   a - +1 shortbow {bow}
rCold   . . .      Faith    .   (shield currently unavailable)
rNeg    . . .      Spirit   .   b - +0 leather armour
rPois   .          Reflect  .   (helmet restricted)
rElec   .          Harm     .   (no cloak)
rCorr   .          Rampage  .   (no gloves)
Will    .....                   (boots unavailable)
Stlth   ++........              (no amulet)
HPRegen 0.05/turn               (no ring)
MPRegen 0.08/turn               (no ring)

@: weak-willed
A: beak, talons 3
a: no special abilities


You were on level 1 of the Dungeon.
You visited 1 branch of the dungeon, and saw 1 of its levels.

You collected 50 gold pieces.


Innate Abilities, Weirdness & Mutations

You have a beak for a mouth.
You have claws for feet.


   Skills:
 - Level 2.0 Fighting
 + Level 5.3 Bows
 - Level 2.1 Dodging
 - Level 1.0 Stealth


You had one spell level left.
You didn't know any spells.
Your spell library contained the following spells:

 Spells                   Type           Power      Damage    Failure   Level
 Confusing Touch          Hex            0%         N/A       85%         3
 Yara's Violent Unravell  Hex/Tmut       0%         3d3       100%        5
 Enfeeble                 Hex            0%         N/A       100%        7

Inventory:

Hand Weapons
 a - a +1 shortbow (weapon) {bow}
Armour
 b - a +0 leather armour (worn)
 f - a +0 scale mail
   (You found it on level 1 of the Dungeon)
 i - a +0 robe
   (You found it on level 1 of the Dungeon)
Scrolls
 c - a scroll of immolation {!r!r}
Potions
 d - a potion of brilliance {unknown}
 e - a potion of mutation {unknown}
 g - a potion of haste {unknown}
 j - a potion of lignification {unknown}

Dungeon Overview and Level Annotations

Branches:
Dungeon (1/15)

Altars:

#.##)##.# #.....#
#.......# #.....#
####.#### #......
#..)....# #.....#
#.##.##.# #.....#
#.##.##.# #######
#.##..#.#######
#.###.#.......#
#@......#####.#
#####.#.......####
#.#.##..(....#
#.#.##.##.....
#......##.....
###........(..
#..........#
############


There were no monsters in sight!


Message History

A quokka is nearby!
Shoot: a) +1 shortbow {bow}
Press: ? - help, Q - select action Shift-Dir - straight line, f/p - quokka
Aim: a quokka (heavily wounded, 54% to hit)
You shoot an arrow. The arrow closely misses the quokka.
The quokka bites you but does no damage.
The quokka bites you.
HP[-3]
You take 3 damage, and now have 9/17 hp.
Shoot: a) +1 shortbow {bow}
Press: ? - help, Q - select action Shift-Dir - straight line, f/p - quokka
Aim: a quokka (heavily wounded, 54% to hit)
You shoot an arrow. The arrow hits the quokka!
You kill the quokka!
Your Bows skill increases to level 5!
Shoot: a) +1 shortbow {bow}
Press: ? - help, Q - select action Shift-Dir - straight line, f - you That would be overly suicidal.
Okay, then.
Shoot: a) +1 shortbow {bow}
Press: ? - help, Q - select action Shift-Dir - straight line, f - you That would be overly suicidal.
Okay, then.
Shoot: a) +1 shortbow {bow}
Press: ? - help, Q - select action Shift-Dir - straight line, f - you That would be overly suicidal.
Okay, then.
Shoot: a) +1 shortbow {bow}
Press: ? - help, Q - select action Shift-Dir - straight line, f - you That would be overly suicidal.
Okay, then.
Shoot: a) +1 shortbow {bow}
Press: ? - help, Q - select action Shift-Dir - straight line, f - you That would be overly suicidal.
Okay, then.
Unknown command.
You now have 25 gold pieces (gained 9).
You now have 41 gold pieces (gained 16).
i - a +0 robe A kobold comes into view. It is wielding a +0 short sword.
HP[+8]
Your hp is fully restored (17).
A kobold is nearby!
You shoot an arrow. The arrow hits the kobold.
You kill the kobold!
No target in view!
No target in view!
j - a bubbling ruby potion
Things that are here:
a +0 short sword {short}; 5 stones {throwing}; a kobold corpse A gnoll comes into view.
It is wielding a +0 whip.
A gnoll is nearby!
You shoot an arrow. The arrow closely misses the gnoll.
The gnoll hits you with a +0 whip.
HP[-1]
You take 1 damage, and now have 16/17 hp.
You shoot an arrow.
The arrow hits the gnoll but does no damage.
The gnoll barely misses you.
HP[+1]
Your hp is fully restored (17).
You shoot an arrow. The arrow barely misses the gnoll.
The gnoll barely misses you.
You shoot an arrow. The arrow hits the gnoll!
The gnoll barely misses you.
You shoot an arrow. The arrow closely misses the gnoll.
The gnoll hits you with a +0 whip! The gnoll barely misses you.
HP[-8]
You take 8 damage, and now have 9/17 hp.
MASSIVE DAMAGE!! (PAUSE)
You are too injured to fight recklessly!
You are too injured to fight recklessly!
You are too injured to fight recklessly!
You are too injured to fight recklessly!
You are too injured to fight recklessly!
You are too injured to fight recklessly!
You are too injured to fight recklessly!
Shoot: a) +1 shortbow {bow}
Press: ? - help, Q - select action Shift-Dir - straight line, f/p - gnoll
Aim: a gnoll, wielding a +0 whip (almost dead, 68% to hit)
You shoot an arrow. The arrow closely misses the gnoll.
The gnoll hits you with a +0 whip.
* * * LOW HITPOINT WARNING * * *
HP[-3]
You take 3 damage, and now have 6/17 hp.
Shoot: a) +1 shortbow {bow}
Press: ? - help, Q - select action Shift-Dir - straight line, f/p - gnoll
Aim: a gnoll, wielding a +0 whip (almost dead, 68% to hit)
You shoot an arrow. The arrow hits the gnoll.
You kill the gnoll!
You see here 23 stones {throwing}.
You see here 15 stones {throwing}.
You now have 50 gold pieces (gained 9).
You see here 15 stones {throwing}.
Done exploring.
HP[+11]
Your hp is fully restored (17).
Done exploring.
As you read the scroll labelled NOCIER BYOZ, it crumbles to dust.
Magic quickly surges around you.
It was a scroll of vulnerability.
Are you sure you want to abandon this character and quit the game? (Confirm with "yes".)

Skill      XL: |  1  2 |
---------------+-------+-----
Bows           | 5 |  5.3
Fighting       | |  2.0
Dodging        | |  2.1
Stealth        | |  1.0

Action                   || total
-------------------------++-------
 Fire: Shortbow          ||    32
  Use: Scroll            ||     1
Armor: Leather armour    ||     2
Dodge: Dodged            ||    10

Levels and vault maps discovered:
D:1:      matt_arrival_refuge, layout_loops_cross, minmay_pentomino_x4

Notes
Turn   | Place    | Note
-------+----------+-------------------------------------------
     0 | D:1      | zeratav the Tengu Hunter began the quest for the Orb.
     0 | D:1      | Reached XP level 1. HP: 12/12 MP: 2/2
     0 | D:1      | magus.rc [v1.9.6]
   132 | D:1      | Reached XP level 2. HP: 17/17 MP: 3/3
   263 | D:1      | You pick up a book of Misfortune and begin reading...
   263 | D:1      | You add the spells Confusing Touch, Yara's Violent
                  | Unravelling and Enfeeble to your library.
   385 | D:1      | Reached skill level 5 in Bows
   948 | D:1      | Quit the game

Vanquished Creatures
  A gnoll (D:1)
  An endoplasm (D:1)
  A goblin (D:1)
  2 jackals (D:1)
  A quokka (D:1)
  2 ball pythons (D:1)
  A frilled lizard (D:1)
  A kobold (D:1)
  3 rats (D:1)
13 creatures vanquished.

Table legend:
 A = Non-vault XP
 B = Vault XP
 C = Vault XP percentage of total XP
 D = Non-vault monster count
 E = Vault monster count
 F = Vault count percentage of total count
                 A         B        C        D         E       F
            +---------+---------+-------+---------+---------+-------
      Total |      25 |       6 |  19.4 |       9 |       4 |  30.8
            +---------+---------+-------+---------+---------+-------
        D:1 |      25 |       6 |  19.4 |       9 |       4 |  30.8
            +---------+---------+-------+---------+---------+-------

Illustrated notes

Table legend:
 A = Kills in this place as a percentage of kills in entire the game.
 B = Kills by you in this place as a percentage of kills by you in the entire game.
 C = Kills by friends in this place as a percentage of kills by friends in the entire game.
 D = Other kills in this place as a percentage of other kills in the entire game.
 E = Experience gained in this place as a percentage of experience gained in the entire game.
 F = Experience gained in this place divided by the number of levels of this place that you have seen.
                   A       B       C       D       E      F
               +-------+-------+-------+-------+-------+----------------------
         Total | 100.0 | 100.0 |   N/A |   N/A | 100.0 |  31.0
       Dungeon | 100.0 | 100.0 |   N/A |   N/A | 100.0 |  31.0
               +-------+-------+-------+-------+-------+----------------------

Table legend: (Time is in decaauts)
 A = Elapsed time spent in this place.
 B = Non-inter-level travel time spent in this place.
 C = Inter-level travel time spent in this place.
 D = Time resting spent in this place.
 E = Time spent auto-exploring this place.
 F = Levels seen in this place.
 G = Mean time per level.
                   A        B        C        D        E       F      G
               +--------+--------+--------+--------+--------+-----+--------+
         Total |    957 |    957 |      0 |      0 |    893 |   1 |  957.0 |
       Dungeon |    957 |    957 |      0 |      0 |    893 |   1 |  957.0 |
               +--------+--------+--------+--------+--------+-----+--------+

Top non-repeatable levels by time:
     D:1: 957 daAuts
